 Dungeon Crawl Stone Soup version 0.32-a0-909-gc671339a80 (webtiles) character file.

Game seed: 16733886949117385795

23 GiantSquids the Shooter (level 3, 27/27 HPs)
             Began as a Coglin Hunter on Apr 6, 2024.
             Quit the game on level 2 of the Dungeon.
             The game lasted 00:01:13 (799 turns).

GiantSquids the Shooter (Coglin Hunter)              Turns: 799, Time: 00:01:14

Health: 27/27      AC:  3    Str: 13    XL:     3   Next: 0%
Magic:  3/3        EV: 11    Int:  8    God:
Gold:   59         SH:  0    Dex: 17    Spells: 2/2 levels left

rFire   . . .        a - +2 sling {Jia}
rCold   . . .        d - +0 sling {Matsuko}
rNeg    . . .        c - +0 leather armour
rPois   .            (no helmet)
rElec   .            (no cloak)
rCorr   .            (no gloves)
SInv    .            (no boots)
Will    .....        (amulet unavailable)
Stlth   ++           (ring unavailable)
HPRegen 0.24/turn    (ring unavailable)
MPRegen 0.08/turn    (no gizmo)

%: no passive effects
@: no status effects
A: off-hand wielding, slow wielding, warmup strikes, no jewellery
a: Invent Gizmo


You were on level 2 of the Dungeon.
You visited 1 branch of the dungeon, and saw 2 of its levels.

You collected 59 gold pieces.

Inventory:

Hand Weapons
 a - a +2 sling (weapon) {Jia}
 d - a +0 sling (offhand) {Matsuko}
Armour
 c - a +0 leather armour (worn)
Scrolls
 b - a scroll of butterflies
 e - a scroll of amnesia {unknown}
 g - a scroll of identify {unknown}
 h - a scroll of revelation {unknown}
 i - a scroll of immolation {unknown}
Potions
 f - a potion of heal wounds {unknown}


   Skills:
 - Level 2.0 Fighting
 + Level 4.4 Ranged Weapons
 - Level 1.7 Dodging
 - Level 0.7 Stealth


You had 2 spell levels left.
You didn't know any spells.
Your spell library contained the following spells:

 Spells                   Type           Power      Damage    Failure   Level
 Call Canine Familiar     Summ           0%         N/A       86%         3
 Sigil of Binding         Hex            0%         N/A       86%         3
 Dimensional Bullseye     Hex/Tloc       0%         N/A       99%         4


Dungeon Overview and Level Annotations

Branches:
Dungeon (2/15)

Altars:


Innate Abilities, Weirdness & Mutations

You can wield a second weapon in your off-hand.
It takes a long time for you to wield or remove held weapons.
Your first few attacks do less damage.
You cannot equip rings or amulets.


Message History

You shoot a sling bullet. The sling bullet barely misses the bat.
You shoot a sling bullet.
The sling bullet closely misses the bat.
The bat hits you.
You shoot a sling bullet. The sling bullet hits the bat.
You kill the bat!
You shoot a sling bullet.
No target in view!
No target in view!
HP restored.
A rat comes into view.
Found a scroll labelled LUZOEB EZOK.
The rat squeaks loudly.
A rat is nearby!
You shoot a sling bullet. The sling bullet hits the rat.
You kill the rat!
You shoot a sling bullet.
No target in view!
No target in view!
You see here a rat corpse.
i - a scroll labelled LUZOEB EZOK A quokka comes into view.
Found a stone staircase leading down.
A quokka is nearby!
You shoot a sling bullet. The sling bullet hits the quokka.
The quokka is moderately wounded.
You shoot a sling bullet.
The sling bullet barely misses the quokka.
You shoot a sling bullet. The sling bullet hits the quokka.
You kill the quokka!
You shoot a sling bullet.
You have reached level 3!
Your experience leads to an increase in your attributes!
Increase (S)trength, (I)ntelligence, or (D)exterity?
You feel stronger. x2
Your brain swirls with designs for a turboramjet N-2100.
You just need some more time...
Found a stone staircase leading down.
There is a stone staircase leading down here.
Found 4 stones.
Are you sure you want to abandon this character and quit the game? (Confirm with "yes".)

(. #. #. #. #. #.
#####
######.######...#
.......@.>......#
.#####>######...#
#. ##.## #. #.#
#. #.# #. #†## #.
#..# #. ##.# #.#


There were no monsters in sight!

Vanquished Creatures
  A dart slug (D:1)
  5 bats
  An endoplasm (D:2)
  A giant cockroach (D:1)
  A goblin (D:1)
  3 jackals (D:1)
  2 quokkas
  A frilled lizard (D:1)
  3 kobolds
  3 rats
21 creatures vanquished.

Notes
Turn   | Place    | Note
-------+----------+-------------------------------------------
     0 | D:1      | GiantSquids the Coglin Hunter began the quest for the Orb.
     0 | D:1      | Reached XP level 1. HP: 16/16 MP: 1/1
   292 | D:1      | Reached skill level 4 in Ranged Weapons
   292 | D:1      | Reached XP level 2. HP: 22/22 MP: 2/2
   792 | D:2      | Reached XP level 3. HP: 27/27 MP: 3/3
   799 | D:2      | Quit the game

Illustrated notes

Levels and vault maps discovered:
D:1:      dpeg_arrival_snail, layout_basic
D:2:      layout_loops_ring, uniq_robin

Skill      XL: |  1 |
---------------+----+-----
Ranged Weapons | 4 |  4.4
Fighting       | |  2.0
Dodging        | |  1.7
Stealth        | |  0.7

Action                     || total
---------------------------++-------
   Fire: Sling             ||    78
 Armour: Leather armour    ||     7
  Dodge: Dodged            ||     7

Table legend: (Time is in decaauts)
 A = Elapsed time spent in this place.
 B = Non-inter-level travel time spent in this place.
 C = Inter-level travel time spent in this place.
 D = Time resting spent in this place.
 E = Time spent auto-exploring this place.
 F = Levels seen in this place.
 G = Mean time per level.
                   A        B        C        D        E       F      G
               +--------+--------+--------+--------+--------+-----+--------+
         Total |    808 |    784 |     24 |      0 |    693 |   2 |  404.0 |
       Dungeon |    808 |    784 |     24 |      0 |    693 |   2 |  404.0 |
               +--------+--------+--------+--------+--------+-----+--------+

Top non-repeatable levels by time:
     D:1: 739 daAuts
     D:2: 68 daAuts
